 Dungeon Crawl Stone Soup version 0.18-a0-1805-g8ab820f (webtiles) character file.

186265 Murumi the Corrupter of Planes (level 19, 154/154 HPs)
             Began as a Formicid Abyssal Knight on Apr 25, 2016.
             Was the Champion of Lugonu.
             Quit the game on level 3 of the Shoals on Aug 7, 2016.
             The game lasted 05:54:24 (48649 turns).

Murumi the Corrupter of Planes (FoAK)              Turns: 48649, Time: 05:54:25

Health: 154/154    AC: 45    Str: 27    XL:     19   Next: 17%
Magic:  32/32      EV:  6    Int: 13    God:    Lugonu [******]
Gold:   859        SH: 16    Dex: 16    Spells: 0 memorised, 18 levels left

rFire  . . .     SeeInvis +     f - +7 triple crossbow "Devif" {venom, +Fly MR+ Str+3 Int-3}
rCold  . . .     Gourm    .     z - +14 crystal plate armour of Insatiable Hunger {+Inv MR+ Dex+4}
rNeg   . . .     Faith    .     o - +2 shield {reflect}
rPois  .         Spirit   +     (helmet unavailable)
rElec  +         Dismiss  .     D - +0 cloak
rCorr  .         Reflect  +     I - +5 pair of gloves of Indomitability {rElec Str+3}
SustAt +         Harm     .     Z - +2 pair of boots {run}
MR     +++..                    i - amulet of guardian spirit
Stlth  ..........               C - ring of sustain attributes
                                h - ring of stealth

@: quick, extremely resistant to hostile enchantments, extremely unstealthy
A: permanent stasis, dig shafts and tunnels, four strong arms, antennae 3, agile
1, robust 1
a: Dig, Shaft Self, Depart the Abyss, Bend Space, Banish, Corrupt, Enter the
Abyss, Brand Weapon With Distortion, Renounce Religion, Evoke Invisibility,
Evoke Flight


You were on level 3 of the Shoals.
You worshipped Lugonu.
Lugonu was exalted by your worship.
You were hungry.

You visited 4 branches of the dungeon, and saw 28 of its levels.
You visited the Abyss 1 time.
You also visited: Labyrinth, Ossuary and Bailey.

You collected 3124 gold pieces.
You spent 2261 gold pieces at shops.

Inventory:

Hand Weapons
 e - a +5 triple sword of holy wrath
 f - the +7 triple crossbow "Devif" (weapon) {venom, +Fly MR+ Str+3 Int-3}
   (You bought it in a shop on level 5 of the Dungeon)

   It poisons the ammo it fires.
   It affects your strength (+3).
   It affects your intelligence (-3).
   It affects your resistance to hostile enchantments.
   It lets you fly.
 E - a +0 long sword of flaming
Missiles
 j - 32 bolts (quivered)
Armour
 o - a +2 shield of reflection (worn)
 z - the +14 crystal plate armour of Insatiable Hunger (worn) {+Inv MR+ Dex+4}
   (You acquired it on level 14 of the Dungeon)

   It affects your dexterity (+4).
   It affects your resistance to hostile enchantments.
   It lets you turn invisible.
 D - a +0 cloak (worn)
 I - the +5 pair of gloves of Indomitability (worn) {rElec Str+3}
   (You found it on level 1 of the Shoals)

   It affects your strength (+3).
   It insulates you from electricity.
 Z - a +2 pair of boots of running (worn)
Jewellery
 h - a ring of stealth (left hand)
 i - an amulet of guardian spirit (around neck)
 C - a ring of sustain attributes (right hand)
Wands
 d - a wand of disintegration (4/24)
 s - a wand of iceblast (4/15)
 t - a wand of flame (12/48)
 H - a wand of disintegration (8/24)
 K - a wand of acid (3/15)
 U - a wand of lightning (6/15)
Scrolls
 p - 6 scrolls of remove curse
 r - 6 scrolls of recharging
 w - 3 scrolls of identify
 y - 3 scrolls of fog
 V - 3 scrolls of magic mapping
Potions
 b - a potion of magic
 k - a potion of flight
 l - 5 potions of brilliance
 q - 4 potions of might
 u - 16 potions of curing
 v - a potion of cancellation
 x - a potion of ambrosia
 F - 2 potions of agility
 Q - 2 potions of lignification
 W - a potion of cure mutation
Miscellaneous
 g - a stone of tremors
 A - a plain deck of defence {drawn: 1}
 G - a crystal ball of energy
 M - a disc of storms
 P - a phial of floods
 R - a box of beasts {used: 3}
 T - an ornate deck of defence {Fortitude, drawn: 7}
Comestibles
 a - a beef jerky
 c - 17 bread rations
 m - 7 meat rations
 n - a chunk of flesh
 B - 10 slices of pizza
 N - 10 royal jellies
 X - 10 fruits


   Skills:
 - Level 10.0 Fighting
 - Level 15.0 Long Blades
 + Level 14.3 Crossbows
 - Level 10.1 Armour
 - Level 1.0 Dodging
 - Level 12.0 Shields
 - Level 18.0 Invocations
 - Level 10.0 Evocations


You had 18 spell levels left.
You didn't know any spells.

Dungeon Overview and Level Annotations

Branches:
Dungeon (15/15)            Temple (0/1) D:4            Lair (8/8) D:8
 Shoals (3/4) Lair:5        Snake (0/4) Lair:6        Slime (0/6) Lair:8
    Orc (2/2) D:12            Elf (0/3) Orc:2        Vaults (0/5) D:14
 Depths (0/5) D:15

Altars:
Ashenzari
Elyvilon
Fedhas
Makhleb
Qazlal
Ru
Trog
Vehumet
Zin
The Shining One
Beogh
Jiyva

Shops:
D:5 (   D:7 %   D:8 [[[=   D:13 *   Orc:1 [![   Orc:2 [:*?   Shoals:1 }
Shoals:3 :

Portals:
Pandemonium: Orc:2

Annotations:
Abyss:1 Pikel


Innate Abilities, Weirdness & Mutations

You are under a permanent stasis effect.
You can dig through walls and to a lower floor.
Your four strong arms can wield two-handed weapons with a shield.
You have a pair of large antennae on your head (SInv).
You are agile. (Dex +2)
You are robust (+10% HP).


Message History

You enter the shallow water.
Moving in this stuff is going to be slow.
Things that are here:
a trident of protection; a robe; a merfolk corpse You butcher the merfolk corpse.
n - a chunk of flesh
Things that are here:
a trident of protection; a robe Wield which item (- for none, * to show all)? (? for menu, Esc to quit)
Your +5 triple sword of holy wrath stops glowing.
It begins to drip with poison!
f - the +7 triple crossbow "Devif" (weapon)
{venom, +Fly MR+ Str+3 Int-3} Search for what [Enter for "amulet", or ? for help]? bolt Unknown command.
Welcome back, Murumi the Formicid Abyssal Knight.
Lugonu says: Spread carnage and corruption!
Press ? for a list of commands and other information.
Unknown command.
There are no items here.
Are you sure you want to abandon this character and quit the game? (Confirm with "yes".)

≈≈≈≈≈PPP..##....≈P≈≈≈P ≈≈≈≈≈≈
≈≈≈≈≈PP..#####.....≈ ≈≈≈≈≈≈
≈≈≈≈≈≈≈.## ####.≈ ≈≈≈≈≈≈
≈≈≈≈≈≈≈≈.## #. ≈≈≈≈≈≈
≈≈≈≈≈≈≈≈≈.#### ≈≈≈≈≈≈
≈≈≈≈≈≈≈≈≈....## ≈≈≈≈≈≈
≈≈≈≈≈≈≈≈≈≈≈≈..# ### ≈≈≈
≈≈≈≈≈≈≈≈≈≈≈≈..####.# ≈≈≈≈
≈≈≈≈≈≈≈≈≈≈≈≈.|.<@..## ≈≈≈≈≈
≈≈≈≈≈≈≈≈≈≈≈≈≈≈≈≈≈≈[.###.PP≈≈≈
≈≈≈≈≈≈≈≈≈≈≈≈≈≈≈≈≈≈≈....≈P≈≈≈
≈≈≈≈≈≈≈≈≈≈≈≈≈≈≈≈≈≈≈≈≈≈≈P≈≈≈
≈≈≈≈≈≈≈≈≈≈≈≈≈≈≈≈≈≈≈≈≈≈≈≈≈≈
≈≈≈≈≈≈≈≈≈≈≈≈≈≈≈≈≈≈≈≈≈≈≈≈
≈≈≈≈≈≈≈≈≈≈≈≈≈≈≈≈≈≈≈≈≈≈≈
≈≈≈≈≈≈≈≈≈≈≈≈≈≈≈≈≈≈≈≈≈≈
≈≈≈≈≈≈≈≈≈≈≈≈≈≈≈≈≈≈


There were no monsters in sight!

Vanquished Creatures
  Rupert (Lair:3)
  The ghost of Geomchi the Severer, an adept DDGl of Makhleb (Shoals:3)
  Gastronok (Lair:3)
  A storm dragon (D:14)
  A frost giant (D:14)
  Donald (Shoals:1)
  5 dire elephants (Lair:8)
  A merfolk impaler (Shoals:3)
  Fannar (D:12)
  A vault guard (D:14)
  The ghost of Etesian the Frost Mage, a journeyman DEIE of Vehumet (Lab)
  3 merfolk avatars
  6 hydras
  An anaconda (Lair:8)
  3 merfolk aquamancers
  An ogre mage (D:14)
  3 catoblepae
  3 centaur warriors
  A tengu warrior (D:14)
  A satyr (Shoals:2)
  2 death yaks
  7 orc high priests
  A sun demon (Orc:2)
  A fire crab (D:14)
  3 skeletal warriors (D:14)
  3 unseen horrors
  3 sea snakes
  A gelid demonspawn (Orc:2)
  A putrid demonspawn (Orc:2)
  6 wizards
  5 hill giants
  2 necromancers
  7 orc knights
  5 harpies
  2 deep elf magi
  6 griffons
  A wolf spider zombie (D:15)
  A lindwurm (Lair:7)
  5 fauns
  2 cyclopes
  8 ugly things
  8 manticores
  11 orc sorcerers
  2 oklob plants
  A rust devil (Orc:2)
  22 elephants
  The ghost of nago the Fighter, a novice DsWn (D:6)
  7 centaur zombies
  A siren (Shoals:3)
  A torpor snail (Lair:8)
  6 black mambas
  The ghost of MrRokkomies the Caller, a novice DgSu (D:7)
  2 water nymphs
  A molten gargoyle (Lair:7)
  A gargoyle (D:15)
  5 centaur skeletons
  12 spiny frogs
  A yaktaur (D:14)
  3 rime drakes
  7 komodo dragons
  A red devil (Orc:2)
  3 polar bears
  15 merfolk
  4 two-headed ogres
  A queen bee (Lair:2)
  4 trolls
  A hellwing (Orc:2)
  Grinder (D:3)
  2 wind drakes
  3 snapping turtles
  2 slime creatures (D:15)
  9 blink frogs
  3 ynoxinuls (Orc:2)
  A shadow (D:12)
  2 centaur simulacra (D:15)
  9 water elementals
  2 wraiths
  53 yaks
  19 humans
  A vampire (D:11)
  4 basilisks
  5 wyverns
  Menkaure (D:4)
  2 hungry ghosts
  12 hippogriffs
  2 nagas (Lair:6)
  A soldier ant (D:10)
  2 wargs
  A mottled dragon (D:15)
  15 porcupines
  19 water moccasins
  40 orc warriors
  8 sky beasts
  A wasp (D:13)
  3 black bears
  14 ogres
  5 ice beasts
  3 phantoms
  41 wolves
  6 centaurs
  A necrophage (D:13)
  15 crocodiles
  5 big kobolds
  28 giant frogs
  A wyvern zombie (D:14)
  A wyvern skeleton (D:11)
  8 scorpions
  A water moccasin skeleton (D:12)
  35 killer bees
  24 wights
  A howler monkey (D:5)
  6 electric eels
  5 lava snakes (Lair:7)
  7 crimson imps
  3 jellies
  27 orc priests
  7 hounds
  A giant frog zombie (D:6)
  22 orc wizards
  Terence (D:3)
  Jessica (D:3)
  10 iguanas
  A giant frog skeleton (D:5)
  5 hell rats (Lair:6)
  14 worker ants
  A killer bee zombie (D:8)
  21 sheep
  2 hound zombies
  9 mummies
  A worker ant zombie (D:5)
  7 gnolls
  9 adders
  65 river rats
  A shadow imp (D:8)
  2 ufetubi (D:9)
  2 oozes
  2 worms
  3 dart slugs
  An adder simulacrum (D:9)
  5 giant geckos
  93 orcs
  A ball python (D:1)
  6 giant cockroaches
  2 gnoll zombies (Ossuary)
  A hobgoblin (D:3)
  10 jackals
  31 kobolds
  2 quokkas
  8 bats
  4 giant newts
  6 goblins
  A goblin zombie (D:6)
  4 hobgoblin zombies (Ossuary)
  A jackal zombie (D:7)
  3 kobold zombies
  A quokka skeleton (D:4)
  6 rats
  A bush (Lair:4)
  6 plants
1071 creatures vanquished.

Vanquished Creatures (collateral kills)
  Polyphemus (Shoals:2)
  A dire elephant (Lair:8)
  The ghost of krfreak the Sharpshooter, a journeyman KoHu of Okawaru (Lair:1)
  A death yak (Shoals:2)
  2 harpies (Shoals:2)
  A giant frog (D:6)
  2 killer bees
  A giant gecko skeleton (D:8)
  A plant (Lair:1)
11 creatures vanquished.

Vanquished Creatures (others)
  A minotaur (Lab)
  A merfolk impaler (Shoals:1)
  A slime creature (D:15)
  2 hydras
  A satyr (Shoals:1)
  A faun (Shoals:1)
  A harpy (Shoals:2)
  A cyclops (Shoals:1)
  An elephant (Lair:3)
  A molten gargoyle (Lair:7)
  A spiny frog (Lair:1)
  A komodo dragon (Lair:1)
  An orc warrior (D:7)
  A hungry ghost (D:7)
  A slave (D:7)
  2 killer bees (Lair:2)
  An electric eel (D:6)
  A jelly (D:7)
  An orc (D:7)
  55 fungi
  40 plants
116 creatures vanquished.

Grand Total: 1198 creatures vanquished

Notes
Turn   | Place    | Note
--------------------------------------------------------------
     0 | Abyss:1  | Murumi the Formicid Abyssal Knight began the quest for the Orb.
     0 | Abyss:1  | Reached XP level 1. HP: 18/18 MP: 2/2
   146 | Abyss:1  | Found a corrupted altar of Lugonu.
   154 | Abyss:1  | Noticed a red very ugly thing
   155 | D:1      | Escaped the Abyss
   164 | D:1      | Reached skill level 1 in Dodging
   345 | D:1      | Reached * piety under Lugonu
   557 | D:1      | Reached skill level 3 in Invocations
   557 | D:1      | Reached XP level 2. HP: 24/24 MP: 2/4
  1050 | D:1      | Reached XP level 3. HP: 17/29 MP: 5/5
  1317 | D:2      | Found a bloodstained altar of Trog.
  1336 | D:2      | Reached skill level 4 in Invocations
  1504 | D:2      | Found a shattered altar of Ashenzari.
  2118 | D:3      | Noticed Terence
  2130 | D:3      | Killed Terence
  2130 | D:3      | Reached XP level 4. HP: 31/35 MP: 7/7
  2243 | D:3      | Found a blossoming altar of Fedhas.
  2245 | D:3      | Found a stormy altar of Qazlal.
  2293 | D:3      | Noticed Jessica
  2308 | D:3      | Killed Jessica
  2308 | D:3      | Reached XP level 5. HP: 31/41 MP: 8/8
  2777 | D:3      | Reached skill level 5 in Invocations
  2781 | D:3      | Found a glowing golden altar of the Shining One.
  2782 | D:3      | Found a white marble altar of Elyvilon.
  2783 | D:3      | Found a glowing silver altar of Zin.
  3054 | D:3      | Noticed Grinder
  3081 | D:3      | Killed Grinder
  3081 | D:3      | Reached XP level 6. HP: 24/47 MP: 9/9
  3297 | D:4      | Reached skill level 1 in Shields
  3709 | D:4      | Reached XP level 7. HP: 52/52 MP: 10/10
  3897 | D:4      | Noticed Menkaure
  3900 | D:4      | Killed Menkaure
  3908 | D:4      | Found a radiant altar of Vehumet.
  4371 | D:4      | Found a radiant altar of Vehumet.
  4821 | D:5      | Entered Level 5 of the Dungeon
  4984 | D:5      | Reached ** piety under Lugonu
  5040 | D:4      | Found a staircase to the Ecumenical Temple.
  5041 | D:4      | Reached skill level 6 in Invocations
  5041 | D:4      | Reached XP level 8. HP: 4/58 MP: 10/12
  5443 | D:5      | Reached skill level 7 in Invocations
  5571 | D:5      | Found Vathraom's Weapon Emporium.
  5574 | D:5      | Bought a cursed +0 long sword for 32 gold pieces
  5618 | D:5      | Reached skill level 5 in Long Blades
  6229 | D:6      | Reached skill level 8 in Invocations
  6252 | D:6      | Found a sand-covered staircase.
  6258 | D:6      | Reached XP level 9. HP: 42/64 MP: 15/15
  6262 | Ossuary  | Entered an ossuary
  6351 | Ossuary  | Reached *** piety under Lugonu
  7523 | D:6      | Found a burning altar of Makhleb.
  7915 | D:6      | Noticed nago's ghost (novice DsWn)
  7936 | D:6      | Killed nago's ghost
  7936 | D:6      | Reached skill level 9 in Invocations
  8188 | D:7      | Noticed Pikel
  8224 | D:6      | Reached skill level 10 in Invocations
  8282 | D:7      | Found Tenumel's Food Boutique.
  8404 | D:7      | Noticed MrRokkomies's ghost (novice DgSu)
  8422 | D:7      | Killed MrRokkomies's ghost
  8838 | D:7      | Reached skill level 5 in Shields
  8838 | D:7      | Reached XP level 10. HP: 71/71 MP: 17/17
  8842 | D:7      | Reached skill level 1 in Crossbows
  8922 | D:7      | Banished Pikel
  8932 | D:7      | Reached skill level 5 in Crossbows
  9833 | D:8      | Reached **** piety under Lugonu
  9965 | D:8      | Identified a scroll of acquirement
 10011 | D:8      | Found Ydghal's Jewellery Boutique.
 10499 | D:8      | Found Xadics's Antique Armour Shop.
 11131 | D:8      | Found a staircase to the Lair.
 11247 | D:8      | Found Araenaa's Antique Armour Shoppe.
 11560 | D:8      | Found Wemaf's Antique Armour Emporium.
 11628 | Lair:1   | Entered Level 1 of the Lair of Beasts
 11630 | Lair:1   | Noticed a spiny frog
 11636 | Lair:1   | Killed a spiny frog
 11636 | Lair:1   | Reached XP level 11. HP: 77/77 MP: 18/18
 11996 | Lair:1   | Reached skill level 5 in Fighting
 12276 | Lair:1   | Noticed krfreak's ghost (journeyman KoHu)
 12298 | Lair:1   | Killed krfreak's ghost
 12298 | Lair:1   | Reached skill level 5 in Armour
 12786 | D:5      | Bought the +7 triple crossbow "Devif" {venom, +Fly MR+ Str+3 Int-3} for 802 gold pieces
 12991 | Lair:1   | Noticed a seven-headed hydra
 13009 | Lair:1   | Banished a seven-headed hydra
 13278 | Lair:1   | Reached skill level 5 in Evocations
 13815 | D:8      | Bought a pair of embroidered gloves for 103 gold pieces
 15384 | D:10     | Entered Level 10 of the Dungeon
 15802 | D:10     | Reached ***** piety under Lugonu
 16434 | D:8      | Bought a pair of glowing gloves for 153 gold pieces
 16706 | D:10     | Noticed a hill giant
 16709 | D:10     | Killed a hill giant
 16709 | D:10     | Reached skill level 11 in Invocations
 16709 | D:10     | Reached XP level 12. HP: 86/86 MP: 18/20
 17188 | D:11     | Noticed an unseen horror
 20297 | Lair:2   | Noticed an eight-headed hydra
 20303 | Lair:2   | Banished an eight-headed hydra
 20669 | Lair:3   | Reached skill level 12 in Invocations
 20906 | Lair:3   | Reached skill level 10 in Long Blades
 20926 | Lair:3   | Found a labyrinth entrance.
 20930 | Lair:3   | Noticed Gastronok
 20937 | Lair:3   | Killed Gastronok
 20948 | Lab      | Entered a labyrinth
 21687 | Lab      | Noticed Etesian's ghost (journeyman DEIE)
 21701 | Lab      | Killed Etesian's ghost
 21701 | Lab      | Reached skill level 10 in Crossbows
 21701 | Lab      | Reached XP level 13. HP: 60/93 MP: 22/22
 21720 | Lab      | Noticed a minotaur
 22139 | Lab      | Banished a minotaur
 22150 | Lab      | Identified the Volume of Quantum Cold
 22153 | Lab      | Got a pair of dazzling boots
 22159 | Lab      | Identified the Almanac of Beguiling
 22174 | Lair:3   | Identified the cursed +0 pair of boots of Shielding {rF- rC+ Int+4} (You found it in a labyrinth)
 22190 | Lair:3   | Reached XP level 14. HP: 66/100 MP: 17/23
 23174 | Lair:3   | Noticed Rupert
 23193 | Lair:3   | Killed Rupert
 25778 | Lair:4   | Reached skill level 13 in Invocations
 26794 | D:8      | Bought a twisted cloak for 323 gold pieces
 26805 | D:8      | Identified the -7 cloak "Jyaso" {rPois Dex+2 Stlth-} (You bought it in a shop on level 8 of the Dungeon)
 26986 | Lair:5   | Found a staircase to the Shoals.
 27489 | Lair:6   | Reached ****** piety under Lugonu
 27991 | Lair:6   | Found a staircase to the Snake Pit.
 28583 | Lair:6   | Reached XP level 15. HP: 92/113 MP: 25/25
 29207 | Lair:7   | Reached skill level 14 in Invocations
 30239 | Lair:8   | Entered Level 8 of the Lair of Beasts
 30460 | Lair:8   | Found a viscous altar of Jiyva.
 30460 | Lair:8   | Found a staircase to the Slime Pits.
 30552 | Lair:8   | Reached skill level 15 in Invocations
 31788 | D:11     | Gained mutation: You are agile. (Dex +2) [potion of beneficial mutation]
 31789 | D:11     | Gained mutation: You are robust (+10% HP). [potion of beneficial mutation]
 31941 | D:11     | Reached XP level 16. HP: 132/132 MP: 27/27
 32723 | D:12     | Noticed Fannar
 32745 | D:12     | Killed Fannar
 33161 | D:12     | Found a staircase to the Orcish Mines.
 33169 | Orc:1    | Entered Level 1 of the Orcish Mines
 33243 | Orc:1    | Found Fuageuvi's Antique Armour Shoppe.
 33265 | Orc:1    | Bought a pair of runed gloves for 126 gold pieces
 33554 | Orc:2    | Entered Level 2 of the Orcish Mines
 33691 | Orc:2    | Found a staircase to the Elven Halls.
 33795 | Orc:1    | Found Cokoc's Distillery.
 33796 | Orc:1    | Found Ruilidui's Antique Armour Emporium.
 33803 | Orc:1    | Bought a potion of resistance for 160 gold pieces
 33803 | Orc:1    | Bought a potion of might for 64 gold pieces
 33803 | Orc:1    | Bought a potion of heal wounds for 80 gold pieces
 33803 | Orc:1    | Bought a potion of ambrosia for 128 gold pieces
 34476 | Orc:2    | Reached XP level 17. HP: 137/137 MP: 28/28
 34587 | Orc:2    | Found Kyosoel's General Store.
 34603 | Orc:2    | Found Hipt's Magic Scroll Emporium.
 34645 | Orc:2    | Reached skill level 10 in Shields
 34670 | Orc:2    | Bought a scroll of identify for 30 gold pieces
 34673 | Orc:2    | Bought a scroll of identify for 24 gold pieces
 34673 | Orc:2    | Bought a scroll of identify for 24 gold pieces
 34673 | Orc:2    | Bought a scroll of magic mapping for 42 gold pieces
 35461 | Orc:2    | Found a roughly hewn altar of Beogh.
 35882 | Orc:2    | Reached skill level 16 in Invocations
 36661 | Orc:2    | Found Mafach's Book Boutique.
 36661 | Orc:2    | Found a one-way gate leading to the halls of Pandemonium.
 36661 | Orc:2    | Found Zuuqa's Antique Armour Shop.
 39368 | D:13     | Found Fymmyen's Assorted Antiques.
 39371 | D:13     | Bought a twisted glass wand for 136 gold pieces
 39371 | D:13     | Bought a scroll labeled USMICLOFIF for 34 gold pieces
 39507 | D:13     | Reached skill level 17 in Invocations
 40481 | D:14     | Found a flagged portal.
 40506 | Bailey   | Entered a bailey
 40759 | Bailey   | Reached skill level 10 in Fighting
 40827 | Bailey   | Identified a +2 pair of boots of running (You found it in a bailey)
 41118 | D:14     | Got an obsidian-encrusted crystal plate armour
 41129 | D:14     | Identified the +14 crystal plate armour of Insatiable Hunger {+Inv MR+ Dex+4} (You acquired it on level 14 of the Dungeon)
 41129 | D:14     | Upgraded the game from 0.18-a0-1804-g0930707 to 0.18-a0-1805-g8ab820f
 41290 | D:14     | Found a gate to the Vaults.
 41318 | D:14     | Reached skill level 10 in Armour
 41580 | D:14     | Reached XP level 18. HP: 147/147 MP: 30/30
 42501 | D:14     | Found a sacrificial altar of Ru.
 42726 | D:15     | Entered Level 15 of the Dungeon
 42978 | D:15     | Reached skill level 10 in Evocations
 44058 | D:15     | Found a staircase to the Depths.
 44572 | Shoals:1 | Entered Level 1 of the Shoals
 44597 | Shoals:1 | Noticed Donald
 44614 | Shoals:1 | Killed Donald
 44725 | Shoals:1 | Got a pair of blackened gloves
 44736 | Shoals:1 | Identified the +5 pair of gloves of Indomitability {rElec Str+3} (You found it on level 1 of the Shoals)
 44821 | Shoals:1 | Found Fynli's Gadget Shop.
 46427 | Shoals:1 | Reached skill level 18 in Invocations
 47154 | Shoals:2 | Noticed Polyphemus
 47186 | Shoals:2 | Killed Polyphemus
 47195 | Shoals:2 | HP: 7/147 [sea snake (1)]
 47201 | Shoals:2 | HP: 10/220 [death yak[Polyphemus] (4)]
 47201 | Shoals:2 | HP: 4/220 [satyr/uncursed spear of piercing (1)]
 47210 | Shoals:2 | HP: 11/220 [satyr/uncursed spear of piercing (7)]
 47229 | Shoals:2 | Reached XP level 19. HP: 17/154 MP: 32/32
 48048 | Shoals:2 | Reached skill level 15 in Long Blades
 48527 | Shoals:3 | Found Cuargh's Book Shoppe.
 48556 | Shoals:3 | Noticed Geomchi's ghost (adept DDGl)
 48580 | Shoals:3 | Killed Geomchi's ghost
 48649 | Shoals:3 | Quit the game

Vault maps used:
D:1:      minmay_arrival_plants_in_alcoves
D:2:      lemuel_crystal_altar, old_standard_altar
D:3:      good_gods_temple_1, grunt_temple_overflow_forces_of_nature,
          due_unseen_surprise, uniq_jessica, uniq_terence, uniq_grinder
D:4:      old_standard_altar, minmay_temple_entry_from_below_a, first_bread,
          vehumet_altar_wand_db, uniq_menkaure
D:5:      serial_shops, nicolae_shop_behind_doors, nrook_uturn
D:6:      marbit_many_paths, nicolae_ossuary_entry_giza, nrook_pool_corridor,
          minivault_5
D:7:      serial_shops, shop_fountains, uniq_pikel
D:8:      lair_0_dummy, serial_shops, nicolae_shop_overgrown_old_shop,
          kennysheep_little_box, kennysheep_mini_moat, shop_statue
D:9:      serial_ice, serial_ice_l, serial_ice_c, serial_ice_b, serial_ice_m
D:11:     grunt_pizzeria
D:12:     orc_0_dummy, uniq_fannar
D:13:     serial_shops, nicolae_shop_behind_doors, minmay_orc_keep
D:14:     minmay_outward_triangles, grunt_vaults_entry_tiered, enter_bailey_3,
          nicolae_ru_path_of_blood
D:15:     grunt_enter_depths_magical_seal, minmay_misc_feat_enclosed,
          minmay_misc_feat_five, hangedman_abyss_or_decor_passed
Lair:1:   minmay_stone_trees_small
Lair:2:   special_room
Lair:3:   special_room, lab_entry_generic, minivault_24, grunt_megastairs_1,
          uniq_gastronok, uniq_rupert
Lair:4:   minmay_lair_oklob_bushes
Lair:5:   elwin_shoals_entry_rooms, minivault_19
Lair:6:   guppyfry_snake_entry_garden, lightli_volcano_entry_magma_tube,
          minivault_19
Lair:7:   cheibrodos_magma_flow, grunt_megastairs_2, infiniplex_staircase_pool
Lair:8:   due_jungle_book, slime_altar_1, disabler_island
Shoals:1: cheibrodos_shoals_oceanic_diplomacy, serial_shops,
          nicolae_shop_crystal, uniq_donald
Shoals:2: uniq_polyphemus
Shoals:3: serial_shops, shop
Orc:1:    serial_shops, shop, shop, shop, amalloy_card_club
Orc:2:    pf_orc_diabolical, basic_altar
Abyss:1:  evilmike_abyss_exit_12
Lab:      nicolae_lab_dead_adventurers, nicolae_lab_garden,
          labyrinth_skeletal_remains
Ossuary:  ossuary_tomb_3
Bailey:   bailey_polearm_1, bailey

Skill      XL: |  1  2  3  4  5  6  7  8  9 10 11 12 13 14 15 16 17 18 19 |
---------------+----------------------------------------------------------+-----
Dodging        | 1 |  1.0
Invocations    | 3 4 5 6 8 10 11 12 13 15 17 18 | 18.0
Long Blades    | 3 4 5 7 8 9 10 11 12 13 14 15 | 15.0
Evocations     | 4 5 7 8 9 10 | 10.0
Shields        | 2 4 5 7 9 10 12 | 12.0
Armour         | 4 5 6 7 8 9 10 | 10.1
Fighting       | 4 5 6 9 10 | 10.0
Crossbows      | 7 9 10 12 13 14 | 14.3

Action                   |  1- 3 |  4- 6 |  7- 9 | 10-12 | 13-15 | 16-18 | 19-21 || total
-------------------------+-------+-------+-------+-------+-------+-------+-------++-------
Melee: Falchion          |    82 |   101 |   181 |       |       |       |       ||   364
       Long sword        |       |       |   292 |       |       |       |       ||   292
       Great sword       |       |       |    85 |   107 |       |       |       ||   192
       Triple sword      |       |       |       |   538 |   503 |  1174 |    64 ||  2279
 Fire: Arbalest          |       |       |       |    46 |       |       |       ||    46
       Triple crossbow   |       |       |       |   138 |   368 |   500 |    32 ||  1038
Invok: Depart the Abyss  |     1 |       |       |       |       |       |       ||     1
       Bend Space        |       |       |     1 |       |    27 |    30 |       ||    58
       Banish            |       |       |     2 |     9 |     8 |     3 |       ||    22
 Abil: Dig               |       |     1 |     4 |    15 |     6 |    15 |       ||    41
       Evoke Flight      |       |       |       |       |       |     8 |     2 ||    10
Evoke: Wand              |       |       |     8 |     5 |     2 |     6 |       ||    21
       Stone of tremors  |       |       |     1 |       |     2 |     2 |       ||     5
       Deck              |       |       |       |       |       |     8 |       ||     8
       Box of beasts     |       |       |       |       |       |     3 |       ||     3
       Phial of floods   |       |       |       |       |       |     1 |       ||     1
  Use: Scroll            |     9 |     3 |    13 |    17 |     7 |    13 |     4 ||    66
       Potion            |     1 |     2 |     1 |    11 |     8 |    14 |       ||    37
 Stab: Sleeping          |     6 |       |       |       |       |       |       ||     6
       Petrified         |       |       |       |       |     2 |     1 |       ||     3
  Eat: Chunk             |     4 |     5 |    15 |    25 |    32 |    52 |     5 ||   138
       Meat ration       |       |       |     3 |     1 |     1 |       |       ||     5
       Bread ration      |       |       |       |     5 |       |       |       ||     5
       Pizza             |       |       |       |     1 |       |       |       ||     1
       Beef jerky        |       |       |       |       |       |     2 |       ||     2
Armor: Leather armour    |    25 |       |       |       |       |       |       ||    25
       Chain mail        |     8 |    63 |   207 |       |       |       |       ||   278
       Plate armour      |       |       |    69 |   492 |   371 |   316 |       ||  1248
       Skin              |       |       |       |   118 |       |    31 |       ||   149
       Crystal plate arm |       |       |       |       |       |   521 |    72 ||   593
Dodge: Dodged            |    41 |    47 |   128 |   222 |   159 |   226 |    11 ||   834
Block: Buckler           |       |     2 |    79 |   223 |    92 |       |       ||   396
       Shield            |       |       |       |       |   184 |   943 |    54 ||  1181
       Reflection        |       |       |       |       |       |    25 |     6 ||    31
